Map: 어비설 리프 - 래더

Players

losira - Winner!

  • Race: Zerg Zerg
  • Spawn Location: 11:00

jjakji

  • Race: Terran Terran
  • Spawn Location: 5:00

Event: IEM XI Katowice - World Championship 2017

VOD

https://www.youtube.com/watch?v=XqywDF675kQ&t=3s

Description

Time

  • Played on: Feb. 28, 2017, 4:56 a.m.
  • Length: 16:06

All games in this series

Show
View Real Time Build Order
Export as new Build Order

losira Zerg - Winner!

Build Orders: Hatch First, Muta Ling Bane 

Get SALT Encoding   

  12  0:00  Drone  
  13  0:08  Drone  
  14  0:15  Extractor, Drone  
  15  0:22  Overlord  
  15  0:45  Hatchery  
  15  0:48  Drone  
  15  0:51  Drone  
  15  0:56  Drone  
  17  0:59  Drone  
  18  1:08  Extractor  
  17  1:16  Spawning Pool  
  16  1:18  Drone  
  16  1:23  Drone  
  18  1:36  Drone  
  19  1:43  Drone  
  20  1:53  Drone  
  21  1:57  Drone  
  22  2:02  Queen  
  22  2:04  Queen  
  22  2:07  Zergling x2  
  27  2:09  Metabolic Boost  
  27  2:13  Overlord  
  27  2:18  Zergling x2  
  28  2:26  Spore Crawler  
  26  2:30  Drone  
  26  2:34  Drone  
  26  2:35  Drone x2  
  29  2:40  Drone  
  29  2:43  Queen  
  32  2:50  Drone  
  32  2:51  Overlord  
  33  2:57  Drone  
  34  2:59  Pneumatized Carapace  
  34  3:02  Drone  
  35  3:09  Drone  
  35  3:11  Drone x2  
  38  3:13  Drone  
  38  3:14  Drone  
  38  3:15  Drone  
  38  3:18  Drone  
  42  3:22  Overlord  
  42  3:24  Drone  
  43  3:27  Drone  
  44  3:34  Evolution Chamber, Baneling Nest  
  44  3:36  Drone  
  44  3:37  Extractor  
  44  3:38  Drone  
  44  3:40  Drone  
  44  3:41  Drone  
  44  3:45  Drone  
  44  3:47  Zergling x2  
  44  3:48  Zergling x2  
  48  3:50  Drone x2  
  48  3:53  Zergling x2  
  48  3:55  Zergling x2  
  52  4:01  Overlord  
  52  4:05  Overlord  
  52  4:14  Zerg Ground Armor Level 1  
  52  4:17  Overlord  
  52  4:21  Zergling x2  
  52  4:23  Hatchery  
  52  4:27  Zergling x4  
  52  4:28  Zergling x2  
  52  4:29  Zergling x4  
  57  4:31  Zergling x2  
  57  4:34  Baneling x2  
  57  4:35  Baneling  
  58  4:38  Baneling x2  
  58  4:39  Baneling  
  58  4:42  Zergling x2, Drone  
  58  4:43  Drone  
  61  4:48  Drone  
  61  4:50  Drone x3  
  61  4:51  Drone  
  66  4:57  Drone  
  66  4:58  Drone  
  68  5:00  Drone  
  68  5:02  Drone  
  68  5:03  Drone  
  71  5:13  Drone  
  70  5:16  Drone  
  68  5:22  Zergling x2  
  69  5:29  Drone  
  69  5:30  Drone  
  69  5:31  Zergling x2  
  69  5:33  Lair, Drone  
  69  5:35  Drone  
  74  5:36  Drone x3  
  74  5:37  Queen, Extractor  
  74  5:38  Hatchery  
  74  5:40  Zergling x2, Baneling x3  
  74  5:42  Zergling x2  
  79  5:43  Baneling x2  
  79  5:45  Baneling  
  79  5:46  Drone  
  79  5:47  Drone  
  81  5:50  Extractor  
  81  5:52  Zergling x2  
  81  5:54  Extractor  
  81  5:55  Queen, Extractor  
  81  5:58  Drone  
  81  5:59  Overlord  
  81  6:03  Overlord  
  82  6:06  Overlord  
  82  6:09  Zerg Melee Weapons Level 1, Overlord  
  82  6:10  Overlord  
  79  6:12  Overlord  
  79  6:21  Drone x3  
  79  6:22  Drone x2  
  79  6:23  Drone  
  79  6:24  Drone x2  
  87  6:32  Zergling x2  
  87  6:33  Zergling x2  
  87  6:34  Zergling x2, Hatchery  
  87  6:36  Zergling x4  
  87  6:37  Zergling x4  
  87  6:38  Zergling x2  
  92  6:44  Centrifical Hooks  
  92  6:46  Drone x2  
  94  6:48  Zergling x4  
  94  6:49  Evolution Chamber  
  94  6:50  Zergling x2  
  94  6:52  Zergling x2  
  94  6:53  Baneling  
  94  6:54  Baneling x7  
  97  6:56  Overseer  
  97  6:58  Drone  
  97  6:59  Spire  
  97  7:01  Drone x2  
  97  7:02  Zergling x2  
  97  7:04  Zergling x2  
  97  7:06  Zergling x2  
  102  7:14  Drone x5  
  106  7:18  Overlord  
  106  7:19  Zergling x4  
  106  7:20  Zergling x2  
  106  7:22  Drone x2  
  111  7:23  Overlord  
  111  7:24  Overlord  
  111  7:27  Baneling x2  
  111  7:29  Overlord  
  110  7:30  Drone  
  110  7:31  Overlord  
  110  7:34  Zerg Ground Armor Level 2  
  110  7:36  Overlord  
  112  7:37  Drone  
  112  7:38  Drone  
  112  7:39  Drone x2  
  112  7:40  Drone  
  116  7:45  Baneling  
  116  7:46  Baneling x7  
  116  7:47  Zergling x2  
  116  7:50  Zergling x4  
  116  7:51  Zergling x2  
  120  7:52  Zergling x2  
  120  7:54  Zergling x4  
  120  7:58  Zergling x6  
  119  8:00  Zergling x2  
  119  8:01  Zergling x2  
  119  8:02  Zergling x2  
  119  8:03  Zergling x2  
  119  8:04  Zergling x12  
  126  8:06  Zergling x2  
  126  8:08  Zergling x2  
  124  8:14  Zergling x2  
  124  8:17  Baneling x11  
  124  8:19  Mutalisk x2  
  120  8:20  Mutalisk  
  120  8:24  Zerg Melee Weapons Level 2  
  120  8:26  Mutalisk x2  
  128  8:29  Drone  
  128  8:30  Mutalisk  
  128  8:32  Mutalisk  
  128  8:33  Zergling x4  
  128  8:34  Extractor  
  133  8:36  Mutalisk  
  133  8:37  Baneling  
  133  8:40  Zergling x10  
  140  8:42  Zergling x4  
  140  8:43  Zergling x4  
  140  8:46  Zergling x4  
  140  8:48  Overlord  
  146  8:49  Zergling x2  
  146  8:50  Baneling  
  146  8:51  Baneling x4  
  146  8:52  Overlord  
  147  8:57  Baneling  
  147  8:58  Baneling x4  
  147  8:59  Zergling x2  
  147  9:00  Zergling x6  
  147  9:02  Baneling x5  
  151  9:03  Zergling x2  
  151  9:05  Zergling x4  
  151  9:06  Zergling x2  
  155  9:10  Zergling x2  
  155  9:11  Baneling x6  
  155  9:12  Zergling x8  
  155  9:14  Zergling x4  
  155  9:16  Zergling x4  
  159  9:22  Zergling x2  
  159  9:23  Zergling x2  
  144  9:25  Zergling x2  
  144  9:26  Zergling x12  
  144  9:30  Mutalisk  
  144  9:31  Mutalisk x2  
  132  9:33  Drone x2  
  132  9:34  Drone  
  139  9:38  Mutalisk x2  
  141  9:46  Mutalisk  
  141  9:48  Zergling x16  
  151  9:53  Baneling x6  
  151  9:56  Baneling x2  
  151  10:02  Zergling x2  
  151  10:03  Baneling  
  151  10:04  Baneling x5  
  151  10:05  Zergling x2  
  153  10:09  Hatchery  
  152  10:15  Zergling x2  
  152  10:16  Zergling x6, Baneling x6  
  152  10:17  Zergling x2, Baneling x4  
  152  10:20  Zergling x2  
  152  10:21  Zergling x8  
  161  10:22  Zergling x4  
  161  10:27  Zergling x2  
  162  10:31  Mutalisk  
  162  10:35  Zergling x2  
  160  10:36  Overlord  
  160  10:38  Zergling x6  
  160  10:41  Zergling x2  
  160  10:42  Zergling x2  
  160  10:43  Mutalisk  
  160  10:44  Zergling x2  
  160  10:45  Zergling x6  
  160  10:46  Baneling x8  
  160  10:47  Overlord, Baneling  
  160  10:49  Baneling  
  166  10:50  Overlord  
  166  10:52  Overlord  
  166  10:56  Infestation Pit, Drone x3  
  168  10:58  Zergling x4  
  168  11:00  Zergling x2  
  168  11:01  Zergling x2  
  168  11:03  Baneling x4  
  172  11:07  Zergling x6  
  172  11:08  Zergling x2, Baneling  
  172  11:09  Baneling x2  
  176  11:17  Overlord  
  176  11:20  Zergling x2  
  176  11:21  Zerg Flyer Armor Level 1  
  176  11:22  Zergling x4  
  179  11:25  Zergling x2  
  179  11:26  Baneling  
  179  11:27  Baneling x15  
  175  11:36  Hive  
  175  11:38  Zergling x14  
  181  11:43  Zergling x2  
  181  11:44  Zergling x2  
  181  11:45  Zergling x2, Baneling  
  181  11:46  Baneling x8  
  181  11:47  Zergling x2  
  185  11:49  Zergling x2  
  185  11:52  Zergling x4  
  188  11:54  Drone x3  
  188  12:00  Drone x2  
  186  12:02  Drone x2  
  186  12:04  Zergling x2  
  185  12:10  Zergling x16  
  172  12:17  Zergling x2  
  172  12:18  Zergling x6  
  172  12:21  Zergling x2  
  172  12:22  Zergling x2  
  153  12:24  Zergling x2  
  153  12:28  Baneling x13  
  139  12:32  Zergling x10  
  139  12:34  Zergling x12  
  139  12:35  Zergling x2  
  139  12:37  Zergling x2  
  148  12:43  Zergling x2  
  137  12:45  Zergling x10  
  137  12:49  Zergling x2  
  137  12:53  Zergling x2  
  137  12:54  Zergling x4  
  137  12:56  Zergling x4  
  137  12:58  Zergling x4  
  140  12:59  Zergling x2  
  140  13:01  Zergling x2  
  140  13:02  Zergling x2  
  140  13:03  Zergling x2  
  140  13:05  Zergling x4  
  131  13:07  Zergling x2  
  131  13:10  Zergling x2  
  131  13:11  Zergling x2  
  131  13:12  Zergling x2  
  134  13:13  Zergling x2  
  134  13:14  Zergling x2  
  134  13:16  Zergling x2  
  134  13:17  Zergling x2  
  138  13:21  Baneling x5  
  138  13:26  Drone  
  136  13:27  Drone x3  
  136  13:37  Adrenal Glands  
  135  13:43  Baneling x2  
  135  13:44  Baneling  
  135  13:49  Extractor  
  135  13:51  Ultralisk Cavern  
  135  13:53  Baneling x4  
  135  13:54  Hatchery  
  132  14:06  Zergling x2  
  132  14:07  Zergling x18  
  139  14:18  Mutalisk x2  
  139  14:20  Mutalisk  
  139  14:23  Mutalisk  
  145  14:25  Baneling x3  
  141  14:44  Ultralisk  
  141  14:45  Ultralisk  
  147  14:54  Ultralisk  
  151  15:01  Ultralisk  
  151  15:03  Mutalisk  
  159  15:11  Drone x3  
  159  15:12  Drone  
  161  15:34  Baneling  
  161  15:35  Baneling x9  
  157  15:43  Overseer  
  142  15:50  Hatchery  
Show
View Real Time Build Order
Export as new Build Order

jjakji Terran 

Build Orders: Hellion Opening, Reaper Expand, MMM Bio 

Get SALT Encoding   

  12  0:00  SCV  
  13  0:12  SCV  
  14  0:17  Supply Depot  
  14  0:24  SCV  
  15  0:38  SCV  
  15  0:39  Barracks  
  16  0:44  Refinery  
  16  0:50  SCV  
  17  1:02  SCV  
  18  1:15  SCV  
  19  1:27  Reaper, Orbital Command  
  20  1:40  Command Center  
  20  1:53  SCV  
  20  1:54  Supply Depot  
  21  1:59  Marine  
  22  2:05  SCV  
  23  2:17  SCV  
  23  2:18  Factory  
  23  2:21  Barracks Reactor  
  24  2:29  SCV  
  25  2:41  SCV  
  25  2:43  Command Center  
  26  2:52  Orbital Command  
  26  2:53  SCV  
  28  3:05  SCV  
  28  3:07  Hellion x2  
  28  3:08  Barracks Tech Lab  
  32  3:17  SCV  
  32  3:18  SCV  
  34  3:29  Marine, Hellion x2, SCV  
  34  3:30  Stimpack, SCV  
  41  3:42  SCV x2  
  41  3:47  Marine  
  44  3:50  Hellion  
  44  3:54  SCV, Hellion  
  44  3:55  SCV  
  49  3:57  Orbital Command  
  49  4:04  Barracks  
  49  4:05  Marine  
  49  4:06  SCV, Barracks  
  49  4:07  SCV  
  52  4:13  Supply Depot  
  52  4:18  SCV  
  52  4:19  SCV, Refinery  
  52  4:23  Marine  
  55  4:24  Engineering Bay, Factory Reactor  
  55  4:25  Engineering Bay  
  55  4:26  SCV  
  55  4:31  SCV  
  57  4:32  SCV  
  58  4:38  SCV  
  58  4:39  Supply Depot  
  58  4:41  Marine, Refinery x2  
  60  4:47  SCV x2  
  60  4:50  SCV  
  60  4:51  Terran Infantry Armor Level 1, Terran Infantry Weapons Level 1  
  63  4:54  Supply Depot  
  63  4:59  Marine  
  64  5:00  Marine x2  
  64  5:04  SCV x3  
  64  5:06  Supply Depot  
  69  5:08  Factory Reactor  
  62  5:18  SCV x2  
  58  5:22  Marine x2  
  58  5:24  Starport  
  58  5:27  Orbital Command  
  60  5:33  Marine x3  
  60  5:34  Combat Shields  
  63  5:36  SCV  
  63  5:40  Marine x2  
  66  5:43  SCV  
  66  5:47  Missile Turret  
  66  5:48  SCV  
  68  5:51  Marine x3  
  68  5:55  SCV  
  72  5:58  Marine x2  
  72  5:59  SCV  
  72  6:00  SCV  
  76  6:07  SCV  
  76  6:10  Medivac  
  76  6:11  SCV  
  76  6:12  Viking  
  76  6:16  Armory, SCV  
  78  6:19  SCV  
  78  6:21  Bunker  
  78  6:24  Marine x4, SCV  
  78  6:25  Marine, Factory Reactor  
  82  6:35  SCV x2  
  82  6:36  SCV  
  85  6:41  Supply Depot  
  85  6:47  SCV x2  
  85  6:50  Marine x5  
  92  6:57  SCV  
  92  6:58  Supply Depot x2  
  93  7:02  SCV x2, Medivac x2  
  93  7:05  Supply Depot, Missile Turret  
  93  7:08  Marine  
  100  7:11  Marine  
  100  7:14  Barracks  
  100  7:15  Barracks  
  101  7:19  Marine x3, SCV x2  
  106  7:25  Marine  
  106  7:26  Widow Mine x2  
  106  7:29  Marine, SCV  
  113  7:31  Unknown, SCV x2  
  113  7:32  Supply Depot, Medivac x2  
  113  7:34  Supply Depot  
  119  7:37  Marine x2  
  119  7:42  SCV  
  119  7:43  Marine, SCV x2  
  125  7:54  Marine x2  
  125  7:55  Marine x2, Widow Mine x2  
  123  8:00  SCV x3  
  123  8:01  Marine  
  110  8:08  Marine x2  
  110  8:12  Marine x4, SCV x2  
  114  8:15  Terran Infantry Weapons Level 2, Terran Infantry Armor Level 2  
  114  8:18  SCV  
  114  8:19  Marine  
  117  8:23  Widow Mine x2  
  117  8:24  SCV x2  
  117  8:26  Barracks Reactor x2  
  123  8:29  Marine x2  
  123  8:30  Medivac  
  123  8:31  Medivac  
  123  8:32  SCV  
  128  8:36  SCV x2  
  128  8:37  Marine  
  128  8:39  Supply Depot  
  128  8:40  Supply Depot, Marine  
  128  8:41  Marine  
  133  8:47  Marine x2, Hellion  
  135  8:52  Widow Mine  
  135  8:53  Widow Mine  
  135  8:55  Marine  
  140  8:58  Marine  
  140  9:00  Marine, Medivac  
  140  9:02  Supply Depot, Medivac  
  146  9:04  SCV x3  
  146  9:05  Marine x2  
  146  9:08  Marine  
  146  9:09  Marine x3  
  148  9:20  Widow Mine  
  144  9:26  Marine x6  
  144  9:27  Marine x3  
  144  9:29  Widow Mine  
  121  9:32  SCV x2  
  121  9:34  SCV  
  124  9:43  Marine  
  124  9:44  Marine x8  
  131  9:49  Widow Mine  
  131  9:50  Barracks x2  
  127  9:55  Medivac x2  
  127  9:58  Widow Mine  
  133  10:10  Supply Depot, Marauder  
  133  10:12  Supply Depot  
  135  10:17  Widow Mine  
  135  10:19  Marine x7  
  135  10:20  Marine  
  145  10:26  Widow Mine  
  132  10:43  Supply Depot  
  132  10:44  Marauder  
  132  10:45  Barracks Tech Lab, Barracks Reactor  
  132  10:46  Marine x4, Widow Mine, Command Center  
  132  10:47  Supply Depot  
  132  10:48  Barracks  
  140  10:55  Widow Mine  
  142  10:58  Marine  
  142  10:59  Terran Infantry Weapons Level 3, Marine x3  
  142  11:03  Marine  
  142  11:04  Marine  
  147  11:06  Marauder  
  147  11:07  Terran Infantry Armor Level 3  
  150  11:12  Marauder  
  150  11:14  Widow Mine  
  150  11:15  Marine  
  150  11:16  Marine x3  
  153  11:18  Unknown x2  
  153  11:23  Widow Mine  
  153  11:25  Medivac  
  149  11:27  Marauder  
  151  11:34  Marauder  
  153  11:41  Marine x4  
  153  11:43  Widow Mine  
  159  11:49  Marauder  
  159  11:50  Marine x6  
  159  11:52  Widow Mine  
  169  11:55  Marauder  
  171  12:07  Marine  
  168  12:10  Marauder  
  168  12:11  Widow Mine  
  138  12:17  Marauder  
  138  12:20  Marine x2, Widow Mine  
  120  12:22  Marine  
  120  12:25  Marine  
  120  12:28  Marine  
  109  12:31  Marauder  
  93  12:38  Marauder  
  93  12:40  Widow Mine  
  84  12:46  Marine  
  84  12:47  Marine  
  84  12:48  Marine  
  84  12:49  Widow Mine  
  84  13:05  Marine x4  
  61  13:09  Marine  
  58  13:18  Marine  
  58  13:19  Medivac x2  
  56  13:22  Marine x2  
  54  13:38  Marine x5  
  54  13:39  Marine x3  
  60  13:42  Widow Mine  
  60  13:43  Widow Mine  
  64  13:49  Medivac x2  
  64  13:52  Unknown x3  
  68  13:55  Orbital Command  
  68  14:01  Bunker  
  68  14:04  Marine x2  
  70  14:11  Widow Mine  
  71  14:17  Unknown  
  71  14:19  Marine x2, Medivac  
  71  14:21  Marine  
  72  14:31  SCV  
  69  14:45  Marine x3  
  68  14:55  Marine x2  
  70  15:01  Marine x2  
  72  15:14  Marine  
  72  15:15  Marine  
  75  15:22  Marine  
  75  15:26  Marine  
  76  15:33  Marine  
  76  15:35  Marine x4  

Tags
 
Add a new tag
Caveats
  • Supply blocks, unpowered buildings, or Contaminate may cause inaccurate times.
  • Supply counts are checked every 10 seconds.